 Dungeon Crawl Stone Soup version 0.17-a0-1887-g3e50df6 (webtiles) character file.

3460 mcbry74 the Grappler (level 9, 0/84 HPs)
             Began as a Troll Monk on Sept 23, 2015.
             Was an Initiate of Ru.
             Succumbed to a killer bee's poison
             ... on level 8 of the Dungeon on Sept 24, 2015.
             The game lasted 00:38:08 (6524 turns).

mcbry74 the Grappler (Troll Monk)                   Turns: 6524, Time: 00:38:08

Health: 0/84       AC: 12    Str: 23    XL:     9   Next: 78%
Magic:  8/8        EV: 13    Int: 13    God:    Ru [......]
Gold:   191        SH:  0    Dex: 16    Spells: 0 memorised, 8 levels left

rFire  . . .     SeeInvis .       - Unarmed
rCold  . . .     Clarity  .     t - +4 robe of Augmentation {Str+4 Int+4 Dex+4}
rNeg   . . .     SustAt   .     (no shield)
rPois  .         Gourm    +     (helmet restricted)
rElec  .         Spirit   .     o - +1 cloak
rCorr  .         Warding  .     (gloves unavailable)
rMut   .         Stasis   .     (boots unavailable)
MR     .....                    (no amulet)
Stlth  ++........               (no ring)
                                (no ring)

@: lethally poisoned (0 -> -9), not resistant to hostile enchantments,
unstealthy
A: unfitting armour, claws 3, molten scales 1, fast metabolism 3, gourmand,
regeneration 2, shaggy fur 1, tough skin 2, weak 1, MP-powered wands, missing an
eye
a: Renounce Religion


You were on level 8 of the Dungeon.
You worshipped Ru.
Ru was noncommittal.
You were full.

You visited 2 branches of the dungeon, and saw 9 of its levels.
You also visited: Sewer.

You collected 191 gold pieces.

Inventory:

Armour
 a - a +0 robe
 m - a +0 cloak
 o - a +1 cloak (worn)
 t - the +4 robe of Augmentation (worn) {Str+4 Int+4 Dex+4}
   (You found it in a sewer)

   It affects your strength (+4).
   It affects your intelligence (+4).
   It affects your dexterity (+4).
Jewellery
 p - an uncursed amulet of resist mutation
Magical devices
 l - a wand of lightning (8)
 n - a wand of slowing (23)
 x - a wand of enslavement (23)
 y - a wand of frost (17)
Scrolls
 c - 4 scrolls of remove curse
 d - 10 scrolls of identify
 e - a scroll of magic mapping
 k - 2 scrolls of recharging
 w - a scroll of fear
Potions
 h - 3 potions of brilliance
 j - a potion of cure mutation {unknown}
 q - a potion of flight
 r - a potion of curing
 s - 4 potions of might
 z - a potion of poison
 B - a potion of lignification {unknown}
Comestibles
 b - 7 bread rations
 f - 6 meat rations
 g - 3 beef jerkies
 i - 9 fruits
 v - a royal jelly


   Skills:
 - Level 4.0 Fighting
 + Level 6.2 Dodging
 - Level 1.1 Stealth
 * Level 12.0 Unarmed Combat


You had 8 spell levels left.
You didn't know any spells.

Dungeon Overview and Level Annotations

Branches:
Dungeon (8/15)             Temple (1/1) D:7
   Lair: D:8-11

Altars:
Ashenzari
Cheibriados
Dithmenos
Elyvilon
Fedhas
Gozag
Kikubaaqudgha
Makhleb
Nemelex Xobeh
Okawaru
Qazlal
Ru
Sif Muna
Trog
Vehumet
Xom
Yredelemnul
Zin
The Shining One

Shops:
D:4 (


Innate Abilities, Weirdness & Mutations

You are too large for most types of armour.
You have claws for hands.
Your metabolism is lightning-fast.
You like to eat raw meat.
You heal very quickly.
You are covered in fur (AC +1).
You have very tough skin (AC +2).
You are missing an eye, making it more difficult to aim.
You are partially covered in molten scales (AC +1).
You are weak. (Str -2)
You expend magic power (3 MP) to strengthen your wands.


Message History

The hippogriff barely misses you.
The hippogriff claws you but does no damage.
You closely miss the bat. The killer bee completely misses you.
The killer bee misses you. The bat misses you.
You barely miss the bat.
You feel sick. The bat misses you. The killer bee stings you.
* * * LOW HITPOINT WARNING * * *
The killer bee stings you!
* * * LOW HITPOINT WARNING * * *
You are more poisoned.
The killer bee poisons you! The bat hits you but does no damage.
The hippogriff closely misses you.
The hippogriff pecks you but does no damage.
The hippogriff claws you but does no damage.
The killer bee stings you.
* * * LOW HITPOINT WARNING * * *
You are more poisoned.
The killer bee poisons you! The killer bee stings you.
* * * LOW HITPOINT WARNING * * *
You die...

.## .........P#
#.b......<. .#
.##...P...+ #..P.......
.##
#..P...P####...P......
.8# +...P..P.P..P ...
.########+##..........P.
...
'##.)...>..#.......PP..P
...
.##........#..........P.
...
)(((.......'............
... ###))......#....@b#
+ ...
#........######'##....
...
#........#....yyH......
...
#........#.....y.......
...
#........)......##+####
... #........#†######.
... +.................
... #.................
... #.................
...


You could see a hippogriff, 2 killer bees and a bat.

Vanquished Creatures
  Pikel (D:6)
  A queen bee (D:8)
  Eustachio (D:4)
  Menkaure (D:5)
  A sky beast (D:5)
  2 orc warriors (D:6)
  6 ogres
  A phantom (D:6)
  A big kobold (D:8)
  3 giant frogs
  A wyvern zombie (D:6)
  11 killer bees (D:8)
  4 wights (D:7)
  2 crimson imps (D:7)
  2 hounds
  Crazy Yiuf (D:2)
  An orc priest (D:6)
  3 worker ants
  2 iguanas (D:4)
  An orc wizard (D:7)
  4 gnolls (D:5)
  10 adders
  8 river rats
  A shadow imp (D:7)
  2 adder skeletons
  2 worms
  A giant gecko (D:2)
  16 orcs
  7 ball pythons
  13 bats
  10 giant cockroaches
  7 goblins
  9 hobgoblins
  6 jackals (D:1)
  27 kobolds
  3 quokkas
  A giant newt (D:1)
  37 rats
210 creatures vanquished.

Vanquished Creatures (others)
  A crimson imp (D:6)
  An orc wizard (D:6)
  An adder (D:6)
  A shadow imp (D:6)
  An orc (D:6)
5 creatures vanquished.

Grand Total: 215 creatures vanquished

Notes
Turn   | Place    | Note
--------------------------------------------------------------
     0 | D:1      | mcbry74 the Troll Monk began the quest for the Orb.
     0 | D:1      | Reached XP level 1. HP: 22/22 MP: 0/0
   213 | D:1      | Reached XP level 2. HP: 27/29 MP: 1/1
   771 | D:2      | Reached XP level 3. HP: 26/36 MP: 2/2
  1044 | D:2      | Reached skill level 5 in Unarmed Combat
  1235 | D:2      | Reached XP level 4. HP: 44/44 MP: 3/3
  1377 | D:2      | Noticed Crazy Yiuf
  1392 | D:2      | Killed Crazy Yiuf
  1758 | D:3      | Found a glowing drain.
  1765 | D:3      | Reached XP level 5. HP: 43/50 MP: 4/4
  1779 | Sewer    | Entered a sewer
  1895 | Sewer    | Reached skill level 6 in Unarmed Combat
  3153 | D:4      | Reached XP level 6. HP: 59/59 MP: 5/5
  3167 | D:4      | Found Noomoeji's Antique Weapon Shoppe.
  3427 | D:4      | Noticed Eustachio
  3435 | D:4      | Killed Eustachio
  3435 | D:4      | Reached skill level 7 in Unarmed Combat
  3638 | D:4      | Noticed an ogre
  3646 | D:4      | Killed an ogre
  3646 | D:4      | Reached XP level 7. HP: 48/67 MP: 6/6
  3748 | D:5      | Entered Level 5 of the Dungeon
  3882 | D:5      | Reached skill level 8 in Unarmed Combat
  3886 | D:5      | Gained mutation: You expend magic power (3 MP) to strengthen your wands. [mutagenic meat]
  3887 | D:5      | Gained mutation: You regenerate. [mutagenic meat]
  3888 | D:5      | Gained mutation: You have sharp toenails. [mutagenic meat]
  3889 | D:5      | Gained mutation: You are dopey. (Int -2) [mutagenic meat]
  3890 | D:5      | Lost mutation: You have sharp toenails. [mutagenic meat]
  3891 | D:5      | Gained mutation: You are partially covered in molten scales (AC +1). [mutagenic meat]
  4138 | D:5      | Noticed Menkaure
  4142 | D:5      | Killed Menkaure
  4208 | D:5      | Reached skill level 9 in Unarmed Combat
  4413 | D:6      | Reached XP level 8. HP: 40/78 MP: 7/7
  4585 | D:6      | Reached skill level 10 in Unarmed Combat
  4765 | D:6      | Found a radiant altar of Vehumet.
  4777 | D:6      | Noticed Pikel
  4796 | D:6      | Killed Pikel
  4796 | D:6      | Reached skill level 11 in Unarmed Combat
  4888 | D:6      | Reached XP level 9. HP: 63/84 MP: 8/8
  5551 | D:7      | Lost mutation: You regenerate. [potion of mutation]
  5551 | D:7      | Lost mutation: You are dopey. (Int -2) [potion of mutation]
  5551 | D:7      | Gained mutation: You are weak. (Str -2) [potion of mutation]
  5652 | D:7      | Found a staircase to the Ecumenical Temple.
  5679 | Temple   | Entered the Ecumenical Temple
  5687 | Temple   | Became a worshipper of Ru the Awakened
  5697 | D:7      | Gained mutation: You are missing an eye, making it more difficult to aim. [Ru sacrifice]
  6423 | D:8      | Reached skill level 5 in Dodging
  6469 | D:8      | Reached skill level 12 in Unarmed Combat
  6523 | D:8      | HP: 2/84 [killer bee (5)]
  6524 | D:8      | Succumbed to a killer bee's poison

Vault maps used:
D:1:      dpeg_arrival_tiny_d, hangedman_abyss_or_decor_stabs,
          minmay_misc_feat_alley, hangedman_feature_mirror
D:2:      uniq_crazy_yiuf_cottage
D:3:      portal_sewer_entry_b
D:4:      serial_shops, shop, uniq_eustachio
D:5:      first_bread, kennysheep_cross_bottleneck, uniq_menkaure
D:6:      lemuel_doored_altar, uniq_pikel
D:7:      lemuel_ice_spiral_2, temple_statues
D:8:      grunt_lair_entry_elf_guard_hut, david_nohive_1, serial_bayou_pond_c,
          dk_noncrumbling_2
Temple:   nicolae_temple_no_exploring_needed
Sewer:    sewer_minmay_treatment

Action                   |  1- 3 |  4- 6 |  7- 9 || total
-------------------------+-------+-------+-------++-------
Melee: Unarmed           |    90 |   185 |   331 ||   606
Invok: Sacrifice an Eye  |       |       |     1 ||     1
  Use: Scroll            |     1 |     4 |     7 ||    12
       Potion            |       |       |    13 ||    13
 Stab: Sleeping          |     5 |     1 |       ||     6
       Distracted        |       |     1 |       ||     1
  Eat: Chunk             |     8 |    23 |    38 ||    69
